 Dungeon Crawl Stone Soup version 0.21.1-1-g345015f (webtiles) character file.

340 sbat the Cudgeler (level 6, -3/59 HPs)
             Began as a Troll Fighter on July 9, 2018.
             Succumbed to a scorpion's poison
             ... on level 4 of the Dungeon.
             The game lasted 00:11:35 (1949 turns).

sbat the Cudgeler (Troll Fighter)                   Turns: 1949, Time: 00:11:36

Health: -3/59      AC:  5    Str: 27    XL:     6   Next: 30%
Magic:  5/5        EV: 10    Int:  9    God:
Gold:   153        SH:  0    Dex:  9    Spells: 5/5 levels left

rFire    . . .     SeeInvis .   a - +0 flail
rCold    . . .     Gourm    +   (no shield)
rNeg     . . .     Faith    .   b - +0 robe
rPois    .         Spirit   .   (helmet restricted)
rElec    .         Reflect  .   (no cloak)
rCorr    .         Harm     .   (gloves unavailable)
MR       .....                  (boots unavailable)
Stlth    +.........             t - amulet of magic regeneration
HPRegen  0.59/turn              (no ring)
MPRegen  0.34/turn              (no ring)

@: brilliant, lethally poisoned (-3 -> -37)
A: large, unfitting armour, claws 3, fast metabolism 3, gourmand, regeneration
1, shaggy fur 1, tough skin 2
a: no special abilities


You were on level 4 of the Dungeon.
You were very full.

You visited 1 branch of the dungeon, and saw 5 of its levels.

You collected 153 gold pieces.

Inventory:

Hand Weapons
 a - a +0 flail (weapon)
 u - a +0 morningstar
Missiles
 p - 85 stones (quivered)
 r - 2 large rocks
Armour
 b - a +0 robe (worn)
 c - a +0 shield
Jewellery
 h - an uncursed ring of poison resistance {unknown}
 t - an amulet of magic regeneration (around neck)
Wands
 v - a wand of polymorph (7)
Scrolls
 e - a scroll of teleportation {unknown}
 g - a scroll of immolation {unknown}
 i - a scroll of magic mapping {unknown}
 j - a scroll of enchant armour {unknown}
 l - 3 scrolls of enchant weapon {unknown}
 m - a scroll of identify {unknown}
 o - 2 scrolls of remove curse {unknown}
Potions
 d - a potion of might
 n - a potion of invisibility {unknown}
 q - a potion of heal wounds {unknown}
 s - a potion of lignification {unknown}
Comestibles
 f - 7 rations


   Skills:
 - Level 2.4 Fighting
 + Level 6.1 Maces & Flails
 - Level 2.4 Dodging
 - Level 2.4 Shields


You had 5 spell levels left.
You didn't know any spells.

Dungeon Overview and Level Annotations

Branches:
Dungeon (5/15)
 Temple: D:4-7

Altars:
Hepliaklqana
Nemelex Xobeh

Annotations:
D:3 Natasha


Innate Abilities, Weirdness & Mutations

You are too large for most types of armour.
You have claws for hands.
Your metabolism is lightning-fast.
You like to eat raw meat.
Your natural rate of healing is unusually fast.
You are covered in fur. (AC +1)
You have very tough skin. (AC +2)


Message History

* * * LOW HITPOINT WARNING * * *
You feel very sick.
The scorpion stings you but does no damage.
You completely miss the scorpion.
The scorpion is almost dead.
* * * LOW HITPOINT WARNING * * *
You feel very sick. The scorpion stings you!
* * * LOW HITPOINT WARNING * * *
You are more poisoned.
The scorpion poisons you!
Okay, then.
You thump the scorpion!
You kill the scorpion!
Your Maces & Flails skill increases to level 6!
* * * LOW HITPOINT WARNING * * *
You feel very sick.
It was a potion of brilliance.
You feel clever all of a sudden.
You die...

###+ ......'..#. ..
.....#..# #.....##.#.
.##.....
.....#..######.....+..#.
###....#
.........?##.......##.#.
.......# #........
#.......+..#. .......#
#.......## #.....##.##
.......#
##........####.....##...
.......#
#.......................
.......#
#....$†@....#####.......
...<...#
#......#....#####.......
.......#
####...#......#.........
.......#
#####.....####.......
########
##.....###.......
##..............
##....####.....
###...##......
#...##......


There were no monsters in sight!

Vanquished Creatures
  A scorpion (D:4)
  2 bullfrog skeletons
  An orc priest (D:4)
  3 orc wizards (D:4)
  A hound skeleton (D:4)
  3 adders
  A worm (D:2)
  4 dart slugs
  2 leopard geckos (D:2)
  7 orcs
  3 giant cockroaches
  3 goblins
  6 hobgoblins
  3 jackals (D:2)
  2 quokkas
  5 bats
  2 frilled lizards (D:2)
  12 kobolds
  2 rats
63 creatures vanquished.

Notes
Turn   | Place    | Note
-------+----------+-------------------------------------------
     0 | D:1      | sbat the Troll Fighter began the quest for the Orb.
     0 | D:1      | Reached XP level 1. HP: 22/22 MP: 0/0
    15 | D:1      | Reached skill level 2 in Maces & Flails
    76 | D:1      | Reached XP level 2. HP: 29/29 MP: 1/1
   407 | D:2      | Reached skill level 3 in Maces & Flails
   570 | D:2      | Reached XP level 3. HP: 36/36 MP: 2/2
   860 | D:2      | Reached skill level 4 in Maces & Flails
   860 | D:2      | Reached XP level 4. HP: 38/44 MP: 3/3
  1076 | D:2      | Found a hazy altar of Hepliaklqana.
  1260 | D:3      | Found a sparkling altar of Nemelex Xobeh.
  1289 | D:3      | Noticed an ogre
  1402 | D:4      | Reached XP level 5. HP: 42/50 MP: 4/4
  1432 | D:4      | Reached skill level 5 in Maces & Flails
  1441 | D:4      | HP: 2/50 [adder (3)]
  1572 | D:3      | Noticed Natasha
  1664 | D:5      | Entered Level 5 of the Dungeon
  1847 | D:4      | Reached XP level 6. HP: 56/59 MP: 5/5
  1948 | D:4      | Reached skill level 6 in Maces & Flails
  1948 | D:4      | HP: 1/59 [poisoned by a scorpion]
  1949 | D:4      | Succumbed to a scorpion's poison

Skill      XL: |  1  2  3  4  5  6 |
---------------+-------------------+-----
Maces & Flails | 2 3 4 5 6 |  6.1
Fighting       | |  2.4
Dodging        | |  2.4
Shields        | |  2.4

Action                   |  1- 3 |  4- 6 || total
-------------------------+-------+-------++-------
Melee: Flail             |   100 |   118 ||   218
       Unarmed           |       |     5 ||     5
  Use: Potion            |       |     3 ||     3
  Eat: Chunk             |    13 |    10 ||    23
Armor: Robe              |    46 |    37 ||    83
       Skin              |       |     2 ||     2
Dodge: Dodged            |    46 |    46 ||    92
Block: Shield            |    67 |    37 ||   104
